Map: Piattaforma kimerana

Players

fun

  • Race: Zerg Zerg
  • Spawn Location: 1:00

Oxofrmbl

  • Race: Terran Terran
  • League: Gold
  • Spawn Location: 12:00

buzz

  • Race: Protoss Protoss
  • League: Gold
  • Spawn Location: 12:00

DEVIL

  • Race: Terran Terran
  • Spawn Location: 11:00

Jhyrachy

  • Race: Zerg Zerg
  • League: Gold
  • Spawn Location: 6:00

Razor

  • Race: Protoss Protoss
  • Spawn Location: 7:00

tomasso

  • Race: Terran Terran
  • Spawn Location: 5:00

Kolun

  • Race: Terran Terran
  • League: Silver
  • Spawn Location: 6:00

VOD

Have the link to the VOD?

Description

Time

  • Played on: May 12, 2016, 12:30 p.m.
  • Length: 15:35
Show
View Real Time Build Order
Export as new Build Order

fun Zerg 

Build Orders: Pool First 

Get SALT Encoding   

  12  0:03  Drone  
  13  0:09  Drone  
  14  0:28  Spawning Pool  
  13  0:32  Extractor  
  12  0:37  Overlord  
  12  0:42  Drone  
  13  0:45  Drone  
  14  1:15  Queen  
  14  1:17  Zergling x4  
  14  1:18  Zergling x2  
  19  1:31  Zergling x2  
  20  1:33  Metabolic Boost  
  20  1:41  Overlord  
  20  1:55  Zergling x2  
  21  2:02  Zergling x2  
  19  2:55  Zergling x10  
  23  3:06  Spine Crawler  
  23  3:10  Overlord  
  22  3:20  Drone  
  22  3:24  Hatchery  
  22  3:30  Drone  
  22  3:31  Drone x3  
  26  3:44  Drone  
  26  4:11  Drone x4  
  30  4:18  Extractor  
  30  4:21  Lair  
  30  4:22  Drone  
  30  4:25  Baneling Nest  
  29  4:31  Drone  
  30  4:43  Spore Crawler  
  30  4:45  Spore Crawler, Drone  
  29  4:49  Drone  
  29  4:51  Queen  
  29  4:52  Drone x2  
  34  4:58  Drone  
  35  5:02  Spine Crawler  
  34  5:12  Baneling  
  34  5:13  Baneling x2  
  34  5:15  Baneling  
  34  5:20  Drone x2, Burrow  
  36  5:23  Drone x3  
  39  5:29  Extractor  
  38  5:39  Drone  
  39  5:47  Drone x3  
  39  5:48  Drone x2  
  44  5:53  Centrifical Hooks  
  44  5:56  Infestation Pit  
  43  6:01  Drone  
  43  6:03  Evolution Chamber  
  43  6:05  Drone  
  44  6:13  Overlord  
  44  6:16  Overlord  
  44  6:21  Extractor  
  43  6:37  Drone x2  
  45  6:40  Pathogen Glands  
  45  6:41  Hive  
  45  6:47  Drone x3  
  47  6:49  Drone x2  
  47  6:50  Drone x2  
  52  7:00  Spore Crawler  
  43  7:04  Spore Crawler  
  41  7:16  Drone x2  
  41  7:21  Spore Crawler  
  42  7:26  Spore Crawler, Drone  
  42  7:27  Spore Crawler, Drone x2  
  43  7:39  Drone x3  
  46  7:44  Infestor  
  46  7:45  Infestor  
  46  7:46  Overseer  
  46  7:50  Drone  
  51  8:04  Hatchery  
  50  8:13  Queen  
  50  8:14  Drone  
  50  8:15  Drone  
  50  8:16  Overlord  
  54  8:30  Ultralisk Cavern, Drone  
  54  8:40  Drone  
  55  8:46  Spore Crawler  
  54  8:57  Zerg Ground Armor Level 1  
  54  8:59  Drone x2  
  56  9:11  Hydralisk Den  
  56  9:15  Drone x3  
  56  9:16  Drone x3  
  61  9:17  Queen  
  61  9:18  Drone  
  64  9:27  Infestor x2  
  64  9:29  Ultralisk  
  74  9:34  Overlord  
  74  9:37  Chitinous Plating  
  74  9:42  Muscular Augments  
  74  9:52  Zergling x4  
  76  9:53  Zergling x8  
  80  10:00  Overlord  
  80  10:29  Drone x5  
  80  10:34  Extractor  
  80  10:35  Extractor  
  83  10:36  Baneling x2  
  83  10:37  Baneling x2  
  83  10:38  Overseer  
  83  10:46  Hydralisk x3  
  83  10:48  Overlord x4  
  83  10:49  Overlord x2  
  89  10:51  Zerg Melee Weapons Level 1  
  89  10:53  Spore Crawler  
  88  11:09  Evolution Chamber  
  88  11:10  Pneumatized Carapace  
  87  11:31  Hydralisk, Ultralisk x2  
  87  11:32  Hydralisk x3  
  107  11:34  Zergling x6  
  107  11:37  Adrenal Glands  
  107  11:39  Zerg Ground Armor Level 2  
  110  11:57  Drone x2  
  112  12:11  Overlord x3  
  112  12:21  Drone x3  
  112  12:22  Drone, Overlord x2  
  116  12:35  Overlord x3  
  116  12:38  Drone  
  116  12:39  Drone x4  
  121  13:22  Hydralisk x6  
  121  13:23  Hydralisk x3  
  139  13:36  Ultralisk x3  
  139  13:39  Zerg Missile Weapons Level 1  
  157  13:46  Hatchery  
  100  14:25  Hydralisk x4  
  100  14:26  Hydralisk x6  
  120  14:35  Spine Crawler  
  120  14:37  Spine Crawler x2  
  117  14:39  Spine Crawler x2  
  117  14:41  Spore Crawler, Drone, Spine Crawler  
  114  14:48  Spore Crawler  
  114  14:50  Infestor x2  
  114  14:51  Hydralisk  
  119  14:59  Hatchery, Drone  
  119  15:06  Drone  
  120  15:16  Drone  
  120  15:17  Drone x6  
Show
View Real Time Build Order
Export as new Build Order

Oxofrmbl Terran 

Build Orders: Bio Tank 

Get SALT Encoding   

  12  0:00  SCV  
  13  0:13  SCV  
  14  0:18  Supply Depot  
  14  0:25  SCV  
  15  0:40  SCV  
  15  0:41  Barracks  
  16  0:46  Refinery  
  16  0:52  SCV  
  17  1:04  SCV  
  18  1:16  SCV  
  19  1:34  Orbital Command, Barracks Reactor  
  19  1:45  Command Center  
  19  1:58  Supply Depot  
  19  2:00  SCV  
  20  2:09  Factory  
  20  2:11  Marine  
  20  2:12  SCV  
  20  2:13  Marine  
  23  2:24  SCV  
  24  2:31  Marine  
  24  2:36  Refinery, SCV  
  26  2:39  Marine  
  26  2:42  Supply Depot  
  27  2:48  SCV  
  28  2:55  Starport, Factory Tech Lab  
  28  2:59  Orbital Command  
  28  3:01  Marine  
  28  3:04  SCV  
  30  3:16  SCV  
  30  3:19  Marine  
  31  3:22  Marine  
  31  3:24  Siege Tank  
  31  3:26  SCV  
  37  3:28  SCV  
  37  3:34  Starport Reactor  
  38  3:39  SCV  
  38  3:40  SCV  
  40  3:42  Engineering Bay  
  40  3:44  Marine  
  41  3:51  SCV  
  41  3:53  SCV  
  43  4:03  SCV  
  43  4:04  Marine  
  43  4:05  Refinery, Marine, SCV  
  43  4:06  Refinery  
  43  4:09  Medivac  
  36  4:10  Medivac  
  49  4:15  SCV  
  49  4:16  Missile Turret  
  52  4:17  SCV  
  52  4:19  Missile Turret  
  53  4:24  Marine  
  54  4:37  Supply Depot  
  54  4:55  Terran Infantry Weapons Level 1  
  54  4:56  Supply Depot  
  54  4:58  Marine, SCV x2  
  58  5:00  Supply Depot, Engineering Bay  
  58  5:02  Armory, Supply Depot  
  58  5:10  SCV x2  
  59  5:14  Barracks  
  59  5:16  Barracks  
  59  5:20  Marine x2  
  61  5:21  Liberator  
  61  5:36  SCV x2  
  61  5:37  Siege Tank, Marine  
  61  5:38  Marine  
  61  5:42  Terran Infantry Armor Level 1  
  71  5:44  Supply Depot  
  71  5:48  SCV x2  
  73  5:55  Marine  
  72  5:59  Marine  
  72  6:00  SCV  
  72  6:02  SCV  
  75  6:06  Barracks Tech Lab x2  
  75  6:09  Terran Vehicle Weapons Level 1  
  75  6:12  SCV  
  75  6:13  Marine  
  75  6:14  SCV  
  75  6:16  Marine  
  78  6:32  Marine x3, SCV x2  
  67  6:34  Siege Tank, Marine  
  67  6:35  Combat Shields  
  67  6:37  Stimpack  
  73  6:50  Marine x3, SCV x2  
  73  6:52  Marine  
  79  6:54  Terran Infantry Weapons Level 2  
  79  7:03  Medivac x2  
  79  7:05  SCV x2  
  79  7:08  Marine x2  
  85  7:11  Command Center  
  87  7:17  SCV  
  87  7:20  Missile Turret  
  87  7:21  SCV  
  87  7:22  Missile Turret, Marine  
  91  7:23  Siege Tank  
  91  7:28  Marine  
  91  7:29  Supply Depot  
  94  7:33  Supply Depot  
  94  7:36  Supply Depot  
  94  7:50  Marine x4, SCV x2, Medivac  
  102  7:54  Medivac  
  102  7:56  Siege Tank  
  107  8:02  SCV x2  
  107  8:03  Terran Infantry Armor Level 2  
  107  8:04  Barracks  
  109  8:07  Terran Vehicle Weapons Level 2  
  109  8:08  Marine x4  
  109  8:11  Barracks  
  113  8:14  SCV  
  113  8:18  SCV  
  115  8:22  Planetary Fortress  
  115  8:26  Marine x4  
  119  8:28  Siege Tank, Refinery  
  119  8:30  SCV  
  120  8:39  SCV  
  120  8:41  Medivac  
  123  8:42  SCV  
  123  8:43  Marine x4  
  128  8:50  Barracks Reactor, Supply Depot  
  128  8:53  Refinery  
  128  9:00  Siege Tank  
  128  9:01  Marine x2  
  131  9:05  Marine  
  131  9:06  Marine  
  133  9:11  Marine  
  133  9:12  SCV  
  133  9:14  Supply Depot, Medivac x2  
  133  9:15  Supply Depot  
  139  9:19  Marine x2  
  141  9:25  Supply Depot  
  141  9:28  Missile Turret  
  141  9:35  Marine x5, SCV  
  141  9:37  Marine x2, Supply Depot  
  121  9:53  Marine x5  
  121  9:54  Siege Tank  
  121  9:55  Marine x2  
  123  10:10  Marine x4, Medivac x2  
  123  10:11  Marine  
  123  10:12  Marine x2  
  134  10:25  Command Center  
  131  10:30  Terran Infantry Weapons Level 3  
  131  10:33  Terran Infantry Armor Level 3  
  135  10:37  Terran Vehicle Weapons Level 3  
  135  10:42  Liberator, Marine x5  
  132  10:43  Marine  
  137  10:54  Siege Tank  
  141  11:03  Marine x3  
  146  11:04  Marine x2  
  146  11:08  Marine x2  
  150  11:29  Marine x3  
  150  11:30  Marine  
  148  11:34  Marine  
  148  11:35  Marine  
  148  11:36  Marine  
  151  11:47  Marine x3  
  151  11:48  Marine  
  151  11:52  Marine x2  
  157  11:54  Marine  
  158  12:05  Marine x3  
  158  12:06  Marine  
  162  12:10  Marine x2  
  162  12:12  Marine  
  165  12:18  Liberator x2  
  165  12:23  Marine x3  
  165  12:24  Marine  
  165  12:28  Marine x2  
  174  12:30  Marine  
  174  12:34  Siege Tank  
  181  12:48  Marine  
  181  12:51  Marine x3  
  181  13:11  Supply Depot  
  181  13:13  Marine x3  
  181  13:14  Marine x2, Terran Vehicle And Ship Armor Level 1  
  181  13:20  Marine, Supply Depot  
  181  13:21  Marine  
  174  13:28  Siege Tank, Medivac  
  174  13:31  Marine  
  174  13:32  Marine x2  
  180  13:34  Supply Depot  
  180  13:45  Liberator x2  
  180  13:46  Marine  
  180  13:47  Marine x3  
  184  14:00  Marine x3  
  184  14:01  Siege Tank  
  196  14:04  Marine x2  
  196  14:06  Command Center  
  196  14:07  Marine x2  
  197  14:18  Marine x3  
  200  14:42  Starport  
  200  14:44  Starport  
  200  14:46  Starport  
  200  15:04  Orbital Command  
Show
View Real Time Build Order
Export as new Build Order

buzz Protoss 

Build Orders: Blink Stalkers 

Get SALT Encoding   

  12  0:02  Probe (Chrono Boost)  
  13  0:12  Probe (Chrono Boost)  
  14  0:20  Pylon  
  14  0:23  Probe (Chrono Boost)  
  15  0:38  Probe (Chrono Boost)  
  15  0:39  Gateway  
  16  0:48  Probe (Chrono Boost)  
  17  0:56  Assimilator  
  17  0:59  Probe (Chrono Boost)  
  17  1:01  Pylon  
  18  1:09  Probe (Chrono Boost)  
  19  1:20  Probe (Chrono Boost)  
  20  1:27  Cybernetics Core  
  20  1:34  Pylon  
  20  1:45  Gateway  
  20  1:46  Gateway  
  20  1:55  Probe (Chrono Boost)  
  21  2:03  Warp Gate (Chrono Boost)  
  21  2:06  Probe  
  22  2:15  Gateway  
  22  2:18  Probe  
  22  2:21  Twilight Council  
  23  2:30  Probe  
  24  2:40  Assimilator  
  24  2:42  Pylon  
  24  2:45  Probe  
  25  2:56  Pylon  
  25  2:57  Probe  
  26  3:09  Probe  
  27  3:14  Blink (Chrono Boost)  
  27  3:20  Pylon  
  27  3:21  Probe  
  28  3:33  Probe  
  29  3:45  Forge, Probe  
  30  3:51  Pylon  
  30  3:59  Mothership Core  
  32  4:07  Stalker x3  
  32  4:08  Stalker  
  40  4:25  Protoss Ground Weapons Level 1 (Chrono Boost)  
  40  4:43  Nexus  
  40  4:47  Pylon  
  40  4:50  Pylon  
  40  4:54  Stalker  
  40  4:55  Stalker  
  40  4:56  Stalker  
  46  5:03  Stalker  
  48  5:12  Assimilator  
  48  5:18  Assimilator  
  48  6:23  Stalker x4  
  48  6:24  Probe  
  57  6:35  Probe  
  58  6:45  Probe  
  59  6:47  Protoss Ground Weapons Level 2 (Chrono Boost)  
  59  6:51  Nexus  
  59  6:52  Pylon  
  59  6:55  Pylon  
  59  6:56  Probe  
  60  7:06  Probe  
  61  7:32  Stalker x4  
  69  7:40  Assimilator  
  69  7:44  Assimilator  
  69  7:52  Pylon  
  69  8:07  Probe  
  69  8:09  Gateway  
  69  8:10  Gateway  
  69  8:12  Gateway  
  70  8:15  Gateway  
  70  8:16  Gateway  
  70  8:17  Probe  
  71  8:20  Gateway  
  71  8:22  Forge  
  71  8:28  Probe  
  71  8:32  Pylon  
  72  8:34  Pylon  
  72  8:36  Pylon  
  72  8:38  Probe  
  73  8:46  Stalker  
  75  8:49  Probe  
  75  8:52  Protoss Ground Weapons Level 3 (Chrono Boost)  
  76  9:00  Probe  
  77  9:10  Probe  
  44  10:13  Stalker  
  44  10:14  Stalker x6  
  50  10:15  Stalker  
  50  10:16  Stalker x2  
  64  10:27  Probe  
  65  10:38  Probe  
  65  10:41  Probe  
  66  10:48  Probe  
  66  10:49  Stalker x3  
  73  10:50  Stalker x4  
  73  10:51  Stalker x3  
  73  10:52  Probe  
  89  10:59  Probe  
  89  11:01  Protoss Ground Armor Level 1 (Chrono Boost)  
  89  11:04  Probe  
  91  11:06  Protoss Shields Level 1 (Chrono Boost)  
  91  11:09  Probe  
  92  11:15  Stalker x6  
  92  11:16  Probe, Stalker x2  
  109  11:20  Probe  
  110  11:28  Probe  
  110  11:30  Probe  
  112  11:36  Templar Archives  
  108  12:06  Stalker x4  
  108  12:07  Stalker x4  
  124  12:08  Stalker  
  124  12:09  Stalker  
  128  12:36  Pylon  
  128  12:38  Pylon  
  128  12:41  Pylon  
  128  12:43  Pylon  
  128  12:45  Pylon  
  128  12:46  Pylon  
  128  12:49  Pylon  
  128  12:50  Protoss Shields Level 2 (Chrono Boost), Protoss Ground Armor Level 2 (Chrono Boost)  
  128  12:55  Pylon  
  128  12:58  Pylon  
  72  13:42  Stalker x3  
  72  13:43  Stalker x7  
  92  14:13  High Templar x2  
  92  14:14  High Templar x8  
  112  14:24  Archon  
  112  14:25  Archon x2  
  112  14:26  Archon  
  112  14:27  Archon  
  102  15:27  Stalker  
  102  15:28  Stalker x4  
  90  15:29  Stalker x4  
  90  15:30  Stalker  
Show
View Real Time Build Order
Export as new Build Order

DEVIL Terran 

Build Orders: Mech 

Get SALT Encoding   

  12  0:01  SCV  
  13  0:13  SCV  
  14  0:25  SCV  
  14  0:27  Supply Depot  
  15  0:50  Barracks  
  15  0:51  SCV  
  16  1:02  Refinery  
  16  1:04  Refinery, SCV  
  17  1:14  Supply Depot  
  17  1:16  SCV  
  18  1:28  SCV  
  19  1:40  SCV  
  20  1:48  Factory  
  20  1:50  Marine  
  20  1:52  SCV  
  22  1:58  Engineering Bay  
  22  2:04  SCV  
  22  2:08  Marine  
  23  2:13  Factory  
  24  2:27  Missile Turret  
  24  2:28  Orbital Command  
  24  2:33  Factory Tech Lab  
  24  2:44  Armory  
  24  2:53  Missile Turret  
  24  3:04  Siege Tank  
  27  3:06  Factory Reactor  
  27  3:28  Building Armor  
  27  3:37  Marine  
  28  3:50  Missile Turret  
  28  3:54  Drilling Claws  
  28  3:55  Marine  
  29  4:05  Widow Mine  
  31  4:19  Supply Depot  
  31  4:30  Command Center  
  31  4:40  Widow Mine x2  
  31  4:41  Marine  
  31  4:42  Supply Depot  
  31  4:45  Widow Mine  
  38  4:59  Marine  
  39  5:02  Missile Turret  
  39  5:05  SCV  
  40  5:09  Widow Mine x2  
  40  5:13  Widow Mine  
  44  5:16  Marine  
  47  5:26  Missile Turret  
  47  5:32  Supply Depot  
  47  5:41  Widow Mine, SCV  
  50  5:53  SCV  
  50  5:55  Supply Depot  
  51  5:59  SCV  
  52  6:05  Refinery, SCV  
  52  6:10  Factory  
  54  6:11  SCV  
  54  6:16  Refinery  
  54  6:17  SCV  
  55  6:19  Widow Mine x2  
  55  6:20  Widow Mine  
  55  6:23  SCV  
  62  6:35  SCV  
  63  6:56  Widow Mine x4  
  71  7:25  Widow Mine x3  
  71  7:26  Factory Reactor  
  77  7:58  Supply Depot  
  77  8:01  Widow Mine x3  
  77  8:04  Supply Depot  
  77  8:05  Widow Mine, Supply Depot  
  85  8:08  Orbital Command  
  85  8:19  Widow Mine  
  85  8:21  Supply Depot  
  87  8:27  Supply Depot  
  87  8:30  Widow Mine x3  
  87  8:33  Widow Mine  
  93  8:35  Factory  
  91  8:48  Widow Mine  
  93  8:58  Widow Mine x3  
  93  9:02  Widow Mine  
  89  9:16  Widow Mine  
  91  9:27  Widow Mine x3  
  91  9:30  Widow Mine  
  99  9:45  Widow Mine  
  91  9:55  Widow Mine x3  
  91  9:58  Widow Mine  
  91  9:59  Widow Mine  
  91  10:13  Widow Mine  
  73  10:24  Widow Mine x3  
  73  10:26  Widow Mine  
  73  10:27  Widow Mine  
  81  10:42  Widow Mine  
  83  10:52  Widow Mine x3  
  83  10:55  Widow Mine  
  83  10:56  Widow Mine  
  81  11:11  Widow Mine  
  79  11:21  Widow Mine x3  
  79  11:23  Widow Mine  
  79  11:24  Widow Mine  
  89  11:39  Widow Mine  
  89  11:41  Command Center  
  91  11:49  Widow Mine x3  
  91  11:52  Widow Mine  
  91  11:53  Widow Mine  
  101  12:08  Widow Mine  
  103  12:18  Widow Mine x3  
  103  12:20  Widow Mine  
  103  12:21  Widow Mine  
  113  12:36  Widow Mine  
  115  12:46  Widow Mine x3  
  115  12:49  Widow Mine  
  115  12:50  Widow Mine  
  125  13:05  Widow Mine  
  125  13:15  Widow Mine x3  
  125  13:18  Widow Mine x2  
  127  13:33  Widow Mine  
  129  13:43  Widow Mine x3  
  133  13:55  Widow Mine x2  
  127  14:02  Widow Mine  
  131  14:12  Widow Mine x3  
  137  14:24  Widow Mine x2  
  141  14:43  Widow Mine  
  141  14:44  Widow Mine  
  141  14:45  Widow Mine  
  141  14:46  Widow Mine  
  141  14:50  Supply Depot x3  
  141  14:52  Widow Mine x2  
  135  15:14  Supply Depot  
  135  15:15  Supply Depot  
Show
View Real Time Build Order
Export as new Build Order

Jhyrachy Zerg 

Build Orders: Hatch First 

Get SALT Encoding   

  12  0:01  Drone  
  13  0:12  Drone  
  14  0:23  Overlord  
  14  0:49  Drone x3  
  17  1:01  Drone  
  18  1:15  Hatchery  
  17  1:19  Spawning Pool, Drone, Extractor  
  16  1:31  Drone  
  17  1:39  Drone  
  18  1:44  Drone  
  19  1:55  Drone  
  20  2:05  Overlord  
  20  2:06  Queen  
  22  2:16  Spine Crawler  
  22  2:17  Zergling x2  
  22  2:28  Zergling x4, Queen  
  26  2:38  Zergling x4  
  26  2:39  Metabolic Boost  
  27  2:58  Zergling x4  
  29  3:09  Lair  
  29  3:10  Evolution Chamber  
  28  3:14  Drone  
  28  3:15  Drone x3  
  32  3:28  Drone x4, Extractor  
  32  3:29  Drone  
  32  3:33  Overlord  
  36  3:45  Extractor  
  36  3:46  Extractor  
  32  3:58  Queen  
  34  4:15  Drone x2  
  34  4:16  Drone x3  
  39  4:28  Spire  
  38  4:38  Drone x3  
  41  5:12  Overlord x2  
  41  5:13  Overlord  
  41  5:17  Drone x2  
  41  5:18  Drone  
  44  5:43  Mutalisk x7  
  44  5:44  Mutalisk  
  59  6:08  Overlord x2  
  59  6:10  Zerg Melee Weapons Level 1  
  58  6:44  Drone  
  58  6:45  Drone x4  
  58  6:46  Zergling x2  
  66  6:47  Zergling x6  
  67  6:56  Evolution Chamber  
  62  7:36  Zerg Ground Armor Level 1  
  62  7:39  Zergling x8  
  62  7:40  Zergling x4  
  62  7:41  Overlord x2  
  68  7:54  Hatchery  
  68  7:56  Infestation Pit  
  66  7:59  Zergling x4  
  66  8:00  Overlord  
  68  8:08  Zerg Melee Weapons Level 2  
  68  8:12  Zergling x2  
  69  8:13  Zergling x12  
  75  8:39  Queen  
  77  8:43  Hive  
  77  8:47  Zergling x2  
  77  8:48  Zergling x18  
  67  9:54  Overseer  
  67  9:57  Drone  
  64  10:12  Queen  
  66  10:47  Adrenal Glands  
  66  10:49  Zerg Melee Weapons Level 3, Zerg Ground Armor Level 2  
  66  10:54  Ultralisk Cavern  
  66  10:55  Queen  
  64  11:10  Drone x6  
  64  11:11  Drone x2  
  72  11:43  Chitinous Plating  
  72  11:49  Zergling x2  
  72  11:50  Zergling x32  
  89  11:55  Queen  
  91  12:12  Queen  
  93  12:21  Extractor  
  92  12:24  Extractor  
  85  13:09  Zergling x16  
  85  13:10  Zergling x10  
  85  13:11  Overlord x3  
  98  13:26  Zergling x2  
  93  13:27  Zergling x14  
  73  14:09  Mutalisk  
  60  14:10  Mutalisk x11  
  71  14:51  Mutalisk x12  
  71  14:52  Mutalisk  
Show
View Real Time Build Order
Export as new Build Order

Razor Protoss 

Build Orders:  

Get SALT Encoding   

  12  0:02  Probe (Chrono Boost)  
  13  0:13  Probe (Chrono Boost)  
  14  0:30  Probe (Chrono Boost), Pylon  
  15  0:44  Assimilator  
  15  0:48  Probe (Chrono Boost)  
  16  0:58  Probe (Chrono Boost)  
  16  1:00  Gateway  
  17  1:09  Probe (Chrono Boost)  
  18  1:25  Probe (Chrono Boost)  
  19  1:31  Pylon  
  19  1:35  Assimilator, Probe (Chrono Boost)  
  20  1:41  Pylon  
  20  1:46  Probe (Chrono Boost)  
  21  1:51  Forge  
  21  1:56  Probe (Chrono Boost)  
  22  2:08  Cybernetics Core  
  22  2:10  Zealot (Chrono Boost)  
  24  2:28  Photon Cannon  
  24  2:36  Photon Cannon  
  24  2:45  Warp Gate (Chrono Boost)  
  24  3:11  Gateway  
  24  3:13  Gateway  
  24  3:15  Gateway  
  24  3:41  Pylon  
  24  3:47  Stalker (Chrono Boost)  
  26  3:59  Mothership Core  
  28  4:16  Twilight Council  
  28  4:26  Nexus  
  28  4:30  Protoss Ground Weapons Level 1  
  28  4:41  Pylon  
  28  4:44  Stalker  
  30  4:47  Stalker  
  32  4:59  Blink (Chrono Boost)  
  32  5:15  Pylon  
  32  5:33  Stalker  
  32  5:34  Stalker x2  
  38  5:44  Stalker  
  40  5:57  Probe  
  40  5:59  Stalker  
  43  6:07  Probe  
  43  6:08  Stalker  
  46  6:18  Probe  
  47  6:28  Probe  
  48  6:39  Probe  
  48  6:40  Photon Cannon  
  49  6:49  Probe  
  50  6:58  Robotics Facility  
  50  7:00  Probe  
  47  7:10  Probe  
  48  7:21  Probe  
  49  7:23  Robotics Facility  
  49  7:31  Probe  
  50  7:42  Probe  
  49  7:45  Stalker  
  51  7:52  Probe, Observer (Chrono Boost)  
  51  7:55  Stalker  
  51  7:56  Stalker  
  57  8:03  Probe  
  58  8:08  Stalker  
  61  8:13  Observer (Chrono Boost)  
  61  8:14  Stalker  
  67  8:22  Immortal (Chrono Boost)  
  67  8:33  Robotics Bay  
  67  8:42  Immortal (Chrono Boost)  
  67  8:46  Assimilator  
  71  8:51  Assimilator  
  56  9:10  Stalker x2  
  56  9:11  Stalker x2  
  64  9:21  Colossus (Chrono Boost)  
  70  9:25  Probe  
  71  9:35  Probe  
  74  9:46  Probe  
  75  9:53  Colossus (Chrono Boost)  
  75  10:03  Stalker  
  77  10:08  Observer (Chrono Boost)  
  78  10:24  Pylon  
  78  10:26  Pylon  
  78  10:41  Probe, Observer (Chrono Boost)  
  80  10:44  Extended Thermal Lance (Chrono Boost)  
  80  10:51  Pylon  
  80  10:53  Probe  
  81  10:59  Colossus  
  81  11:05  Probe  
  88  11:17  Probe  
  89  11:19  Pylon  
  89  11:26  Pylon  
  89  11:29  Probe  
  90  11:37  Stalker x3  
  96  11:41  Probe  
  97  11:57  Protoss Ground Weapons Level 2  
  97  12:05  Stalker x2  
  101  12:09  Stalker  
  101  12:13  Observer Gravitic Boosters (Chrono Boost)  
  103  12:22  Stalker  
  105  12:32  Gateway  
  105  12:35  Gateway  
  103  12:50  Pylon  
  103  12:51  Pylon  
  97  13:12  Immortal  
  80  13:17  Immortal  
Show
View Real Time Build Order
Export as new Build Order

tomasso Terran 

Build Orders:  

Get SALT Encoding   

  12  0:01  SCV  
  13  0:13  SCV  
  14  0:24  Supply Depot  
  14  0:25  SCV  
  15  0:46  SCV  
  15  0:48  Barracks  
  16  0:56  Refinery  
  16  0:58  SCV  
  17  1:04  Barracks  
  17  1:10  SCV  
  18  1:22  SCV  
  19  1:34  SCV  
  19  1:36  Supply Depot  
  20  1:45  Marine  
  20  1:46  SCV  
  22  1:57  Marine  
  22  1:58  SCV  
  22  1:59  Refinery  
  24  2:12  Marine  
  24  2:17  Supply Depot  
  24  2:19  Marine  
  23  2:38  Marine, SCV  
  25  2:56  Marine, Supply Depot  
  26  2:59  Orbital Command  
  26  3:09  Command Center  
  26  3:10  Marine  
  27  3:17  Factory  
  27  3:31  Engineering Bay  
  27  3:32  Marine  
  28  3:43  Marine  
  28  3:46  SCV  
  30  3:49  Marine  
  31  4:09  Marine x2  
  32  4:12  SCV  
  32  4:14  Factory Tech Lab  
  34  4:28  SCV  
  35  4:35  Siege Tank  
  35  4:36  Barracks Tech Lab  
  35  4:37  Barracks Reactor  
  38  4:40  SCV  
  38  4:43  Missile Turret  
  39  4:51  Planetary Fortress  
  39  5:02  SCV  
  40  5:07  Siege Tank  
  43  5:18  Missile Turret  
  43  5:26  Marine x3  
  41  5:33  SCV  
  36  5:44  Marine x3  
  39  5:53  Refinery  
  39  6:01  Siege Tank  
  39  6:02  Marine x3  
  45  6:10  SCV  
  45  6:19  Marine  
  45  6:20  Marine x2  
  43  6:37  Marine, SCV x2  
  43  6:38  Refinery  
  46  6:52  Missile Turret  
  46  6:55  Supply Depot  
  46  6:57  Supply Depot  
  46  6:58  Bunker  
  46  7:16  Marine x2, SCV  
  46  7:18  SCV  
  50  7:26  Command Center  
  50  7:28  SCV  
  51  7:30  Siege Tank, SCV  
  51  7:36  Starport  
  55  7:37  Terran Infantry Weapons Level 1, Supply Depot  
  55  7:39  Stimpack  
  55  7:40  SCV  
  56  7:48  Bunker  
  56  7:55  Marine x3  
  59  8:13  Marine x3  
  58  8:31  Marine x3  
  58  8:38  SCV x2  
  60  8:49  Marine x2  
  60  8:50  SCV x2  
  60  8:52  SCV  
  65  9:02  SCV x2  
  67  9:03  Marine  
  67  9:06  Marine  
  67  9:07  Marine  
  70  9:14  SCV  
  70  9:15  SCV  
  73  9:21  Marine  
  73  9:24  Marine x2  
  73  9:27  SCV  
  65  10:07  Marine  
  65  10:08  Marine x2  
  65  10:10  Siege Tank  
  68  10:25  Marine x2  
  70  10:34  Marine  
  70  10:37  Fusion Core  
  70  10:41  Starport x2  
  70  10:42  Starport  
  70  10:45  Starport  
  70  10:52  Command Center  
  70  11:06  Combat Shields  
  70  11:08  Terran Infantry Armor Level 1  
  70  11:11  Armory, Engineering Bay  
  70  11:29  Starport Tech Lab x4  
  70  11:32  Starport Tech Lab  
  70  11:59  Supply Depot x3  
  70  12:00  Supply Depot  
  70  12:02  Building Armor  
  70  12:04  Terran Vehicle And Ship Armor Level 1  
  70  12:09  Supply Depot  
  70  12:16  Supply Depot  
  70  12:17  Supply Depot  
  70  12:20  Marine x3  
  73  12:25  Battlecruiser x3  
  91  12:35  Battlecruiser  
  97  12:38  Marine x3  
  100  12:44  Sensor Tower  
  100  12:56  Marine x2  
  102  13:11  Battlecruiser  
  107  13:29  Battlecruiser x2  
  119  13:38  Battlecruiser  
  125  13:48  Supply Depot x2  
  125  14:10  Battlecruiser  
  125  14:15  Battlecruiser  
Show
View Real Time Build Order
Export as new Build Order

Kolun Terran 

Build Orders: MMM Bio 

Get SALT Encoding   

  12  0:01  SCV  
  13  0:13  SCV  
  14  0:25  Supply Depot, SCV  
  15  0:46  SCV  
  15  0:49  Barracks  
  16  0:58  SCV  
  17  1:08  Barracks  
  17  1:11  SCV  
  18  1:15  Supply Depot  
  18  1:23  SCV  
  19  1:35  SCV  
  19  1:37  Marine  
  19  1:38  Barracks  
  21  1:49  SCV  
  21  1:50  Supply Depot  
  22  1:56  Marine  
  22  1:59  Marine  
  25  2:01  SCV  
  25  2:09  Refinery  
  25  2:29  Marine x3  
  28  2:46  Marine  
  29  2:52  Marine x2  
  29  2:56  Barracks  
  29  2:57  Orbital Command  
  31  3:04  Marine  
  32  3:10  Marine  
  33  3:32  Marine x3  
  36  3:41  Command Center  
  36  3:45  Marine  
  37  3:49  Supply Depot  
  37  3:50  Marine x2  
  39  4:10  Marine x4  
  39  4:16  Supply Depot  
  43  4:20  Supply Depot  
  43  4:28  Marine x3  
  43  4:31  Engineering Bay  
  46  4:46  Marine x4  
  46  4:48  Supply Depot  
  50  4:53  Supply Depot  
  50  5:03  Marine  
  50  5:04  Marine x3  
  54  5:08  SCV  
  54  5:09  Refinery  
  54  5:13  Barracks  
  55  5:20  SCV  
  56  5:21  Marine  
  47  5:28  Orbital Command  
  57  5:34  Marine x3  
  60  5:39  Marine  
  61  5:52  Marine x3  
  61  5:56  Supply Depot  
  64  5:57  Marine  
  65  6:10  Marine x2  
  67  6:18  Barracks Tech Lab x2  
  67  6:20  Supply Depot  
  67  6:22  Terran Infantry Weapons Level 1  
  67  6:25  Missile Turret  
  67  6:28  SCV  
  69  6:40  SCV x2  
  69  6:43  Combat Shields  
  69  6:45  Stimpack  
  70  6:48  Factory  
  70  6:52  SCV x2  
  72  7:04  SCV x2  
  74  7:10  Barracks Reactor  
  74  7:11  Barracks Reactor  
  74  7:16  Marine, SCV  
  74  7:17  Marine  
  77  7:34  Factory Reactor, Marine x2  
  79  7:37  Starport  
  79  7:41  Supply Depot  
  79  7:52  Marine x2  
  79  7:54  Missile Turret  
  81  8:10  Marine x6  
  87  8:27  Concussive Shells, Marine  
  87  8:28  Marine x5  
  87  8:29  Factory Reactor  
  87  8:32  Barracks  
  93  8:45  Marine x2  
  93  8:46  Marine x4  
  99  8:55  Medivac x2  
  93  9:03  Marine x4  
  93  9:04  Marine x2  
  98  9:21  Marine  
  99  9:25  Medivac x2  
  99  9:30  Marine x5  
  108  9:39  Marine  
  90  9:48  Marine x3  
  85  9:55  Marine x2  
  85  9:57  Marine  
  87  10:05  Marine  
  87  10:06  Marine x2  
  90  10:13  Marine x2  
  92  10:14  Marine  
  80  10:23  Marine x3  
  61  10:30  Marine  
  61  10:31  Marine  
  61  10:32  Marine  
  64  10:38  Medivac  
  64  10:39  Medivac  
  64  10:41  Marine x3  
  71  10:48  Marine x2  
  73  10:50  Marine  
  73  10:53  Missile Turret  
  73  10:56  Terran Infantry Armor Level 1  
  74  10:57  Barracks Reactor  
  74  10:59  Marine x3, Supply Depot  
  74  11:00  Supply Depot  
  77  11:06  Marine x2  
  77  11:08  Marine, Medivac  
  77  11:09  Medivac  
  84  11:17  Marine x3  
  87  11:24  Marine x2  
  89  11:26  Marine  
  86  11:34  Marine  
  77  11:51  Marine x4  
  77  11:52  Marine x2  
  62  12:09  Marine x5  
  62  12:10  Marine  
  62  12:11  Widow Mine x2  
  72  12:18  Marine x2  
  74  12:26  Marine  
  74  12:27  Marine x4  
  74  12:28  Marine  
  80  12:33  Marine  
  80  12:36  Marine x2  
  83  12:40  Widow Mine x2  
  83  12:42  Medivac x2  
  91  12:44  Marine x2  
  91  12:45  Marine x3  
Tags
 
Add a new tag
Caveats
  • Supply blocks, unpowered buildings, or Contaminate may cause inaccurate times.
  • Supply counts are checked every 10 seconds.